 Dungeon Crawl Stone Soup version 0.32-a0-534-ga61f84b8bd (webtiles) character file.

Game seed: 17122256669490525593

32267 Gargoyl the Protected (level 13, -1/86 HPs)
             Began as a Gargoyle Berserker on Feb 27, 2024.
             Was a Priest of Trog.
             Slain by a spriggan rider
             ... wielding a +0 spear
              (7 damage)
             ... on level 5 of the Lair of Beasts on Feb 28, 2024.
             The game lasted 00:21:59 (16064 turns).

Gargoyl the Protected (Gargoyle Berserker)         Turns: 16064, Time: 00:21:59

Health: -1/86      AC: 30    Str: 22    XL:     13   Next: 63%
Magic:  13/13      EV: 16    Int:  8    God:    Trog [***...]
Gold:   672        SH:  0    Dex: 13    Spells: 12/12 levels left

rFire   . . .        z - +0 scimitar (flame)
rCold   . . .        (no shield)
rNeg    + . .        k - +1 chain mail
rPois   ∞            s - +0 helmet
rElec   +            n - +0 cloak
rCorr   .            d - +2 pair of gloves
SInv    .            (no boots)
Will    ++...        (no amulet) Stlth
                     y - +5 ring of evasion
HPRegen 1.34/turn    c - ring of flight
MPRegen 0.13/turn

%: no passive effects
@: about to teleport, strong-willed, on berserk cooldown, flying, regenerating,
slowed, very slow
A: sickness immunity, AC +9, negative energy resistance 1, electricity
resistance, torment resistance 1, petrification resistance
a: Renounce Religion, Berserk, Trog's Hand


You were on level 5 of the Lair of Beasts.
You worshipped Trog.
Trog was most pleased with you.
You visited 2 branches of the dungeon, and saw 13 of its levels.

You collected 672 gold pieces.

Inventory:

Hand Weapons
 a - a +1 hand axe
 r - a +0 war axe
 z - a +0 scimitar of flaming (weapon)
 D - the +8 great sword "Vawnaugi" {chaos, rCorr Stlth+}
   (You subdued it on level 4 of the Lair of Beasts)

   rCorr:     It protects you from acid and corrosion.
   Stlth+:    It makes you more stealthy.
Missiles
 i - 17 poisoned darts (quivered)
 v - a throwing net
Armour
 d - a +2 pair of gloves (worn)
 k - a +1 chain mail (worn)
 n - a +0 cloak (worn)
 s - a +0 helmet (worn)
Jewellery
 c - a ring of flight (right hand)
 j - a +5 ring of evasion
 y - a +5 ring of evasion (left hand)
Wands
 t - a wand of flame (22)
 u - a wand of light (10)
 w - a wand of paralysis (12)
Scrolls
 o - a scroll of poison
 p - 2 scrolls of revelation
 E - a scroll of immolation {unknown}
 F - a scroll of identify
Potions
 b - 5 potions of lignification
 e - a potion of enlightenment
 g - a potion of haste {unknown}
 h - a potion of invisibility
 l - a potion of cancellation {unknown}
 m - 4 potions of might
 q - a potion of brilliance
 x - a potion of resistance {unknown}
 B - a potion of attraction
 C - a potion of ambrosia {unknown}


   Skills:
 + Level 12.1 Fighting
 + Level 5.9 Long Blades
 + Level 12.9 Axes
 + Level 1.6 Throwing
 + Level 13.1 Armour
 + Level 5.0 Dodging
 + Level 3.5 Stealth
 + Level 0.4 Evocations


You had 12 spell levels left.
You didn't know any spells.
Your spell library was empty.

Dungeon Overview and Level Annotations

Branches:
Dungeon (8/15)             Temple (0/1) D:6            Lair (5/5) D:8
  Swamp (0/4) Lair:3       Spider (0/4) Lair:2
  Slime: Lair:4-5

Altars:
Ashenzari
Cheibriados
Dithmenos
Elyvilon
Fedhas
Gozag
Kikubaaqudgha
Okawaru
Qazlal
Ru
Sif Muna
Uskayaw
Vehumet
Xom
Jiyva

Shops:
D:2 [   D:5 ?

Annotations:
Lair:4 Oria's ghost, journeyman GnSh
Lair:5 Rupert


Innate Abilities, Weirdness & Mutations

You are immune to sickness and miasma.
Your stone body is resilient. (AC +9)
You are immune to poison.
You resist negative energy. (rN+)
You are resistant to electric shocks. (rElec)
You are resistant to unholy torment.
You are immune to petrification.


Message History

The three-headed hydra barely misses you.
The three-headed hydra bites you but does no damage. x2
The three-headed hydra bites you!
* * * LOW HITPOINT WARNING * * *
The three-headed hydra closely misses you. x2
Your skin crawls.
You feel strong-willed. The three-headed hydra bites you!
* * * LOW HITPOINT WARNING * * *
The three-headed hydra bites you but does no damage.
The three-headed hydra barely misses you.
A spriggan rider comes into view. It is wielding a +0 spear.
The spriggan rider shouts!
You hack one of the three-headed hydra's heads off!
The flame cauterises the wound!
You slash the two-headed hydra! You burn the two-headed hydra.
The two-headed hydra is moderately wounded.
The two-headed hydra bites you but does no damage. x3
The two-headed hydra misses you.
You lop one of the two-headed hydra's heads off!
The flame cauterises the wound!
You hit the one-headed hydra. You burn the one-headed hydra.
The one-headed hydra is moderately wounded.
The one-headed hydra misses you. The one-headed hydra bites you.
* * * LOW HITPOINT WARNING * * *
Unknown command.
You lop the one-headed hydra's last head off!
You kill the one-headed hydra!
Trog accepts your kill.
The spriggan rider completely misses you.
Unknown command.
The spriggan rider hits you with a +0 spear!
* * * LOW HITPOINT WARNING * * *
Rupert the Wild comes into view.
He is wielding a +1 great sword of holy wrath and wearing a +1 leather armour of cold resistance.
As you read the scroll of teleportation, it crumbles to dust.
You feel strangely unstable.
Rupert shouts!
The spriggan rider hits you but does no damage.
The spriggan rider hits you with a +0 spear!
You die...

# ###
.#.#.###.###
#......@†).#
......#i).##
.#........#
#..........
...#....(...#
...........##
##@.#..((...
...##.......
.# .........


You could see Rupert and a spriggan rider.

Vanquished Creatures
  6 hydras
  Erica (D:8)
  A death yak (Lair:5)
  A dancing weapon (Lair:4)
  A wolf spider (Lair:3)
  5 black mambas
  9 elephants
  9 komodo dragons
  9 cane toads
  2 rime drakes
  2 hornets (Lair:3)
  2 polar bears (Lair:5)
  5 blink frogs
  A dream sheep (Lair:5)
  8 spriggans (Lair:5)
  10 wyverns
  A basilisk (Lair:3)
  22 yaks
  A steam dragon (D:8)
  9 water moccasins
  4 black bears
  3 ice beasts
  An orc warrior (D:7)
  A sky beast (D:7)
  An ogre (D:3)
  The ghost of LydaLydish the Covered, an amateur HuFi (D:3)
  5 boggarts (Lair:5)
  2 centaurs
  21 wolves
  2 phantoms
  A kobold brigand (D:6)
  16 bullfrogs
  A gnoll sergeant (D:6)
  4 scorpions
  7 wights
  2 electric eels (Lair:4)
  4 hounds
  2 gnoll boudas (D:7)
  3 orc priests
  4 bombardier beetles
  7 jellies
  A sleepcap (D:5)
  6 iguanas
  3 orc wizards
  13 adders
  19 gnolls
  3 shadow imps
  A white imp (D:6)
  2 ribbon worms (D:3)
  19 orcs
  6 bats
  8 endoplasms
  2 giant cockroaches
  9 goblins
  10 hobgoblins
  12 kobolds
  4 quokkas
  6 ball pythons
  4 frilled lizards
  6 rats
331 creatures vanquished.

Vanquished Creatures (collateral kills)
  A death yak (Lair:5)
  An elephant (Lair:4)
  A yak (Lair:5)
3 creatures vanquished.

Vanquished Creatures (others)
  A boggart zombie (Lair:5)
  A gnoll (D:7)
2 creatures vanquished.

Grand Total: 336 creatures vanquished

Notes
Turn   | Place    | Note
-------+----------+-------------------------------------------
     0 | D:1      | Gargoyl the Gargoyle Berserker began the quest for the Orb.
     0 | D:1      | Reached XP level 1. HP: 14/14 MP: 1/1
   254 | D:1      | Reached XP level 2. HP: 14/19 MP: 2/2
   628 | D:1      | Reached XP level 3. HP: 21/24 MP: 3/3
   632 | D:1      | Reached ** piety under Trog
  1349 | D:2      | Found Zeohownu's Armour Boutique.
  1847 | D:3      | Reached XP level 4. HP: 29/29 MP: 4/4
  1904 | D:3      | Found a transporter.
  1904 | D:3      | Noticed LydaLydish's ghost (amateur HuFi)
  1905 | D:3      | Found a transporter.
  1905 | D:3      | Noticed an ogre
  1928 | D:3      | Killed LydaLydish's ghost
  1929 | D:3      | Reached skill level 3 in Armour
  1929 | D:3      | Reached XP level 5. HP: 4/33 MP: 5/5
  2149 | D:3      | Killed an ogre
  2150 | D:3      | Reached XP level 6. HP: 36/38 MP: 6/6
  2397 | D:3      | Reached skill level 5 in Axes
  2404 | D:3      | Reached skill level 4 in Armour
  2824 | D:4      | Found an iron altar of Okawaru.
  2931 | D:4      | Reached XP level 7. HP: 36/44 MP: 7/7
  3366 | D:4      | Reached *** piety under Trog
  3741 | D:4      | Found an opulent altar of Gozag.
  3783 | D:5      | Entered Level 5 of the Dungeon
  3783 | D:5      | Found Donaf's Magic Scroll Boutique.
  3803 | D:5      | Reached skill level 5 in Fighting
  3923 | D:5      | Reached skill level 5 in Armour
  3923 | D:5      | Reached XP level 8. HP: 35/49 MP: 8/8
  4169 | D:5      | Found a shadowy altar of Dithmenos.
  4385 | D:5      | Reached skill level 6 in Armour
  4558 | D:5      | Found an ancient bone altar of Kikubaaqudgha.
  4563 | D:5      | Found a radiant altar of Vehumet.
  4579 | D:5      | Found a shimmering blue altar of Sif Muna.
  4689 | D:6      | Found a staircase to the Ecumenical Temple.
  4770 | D:6      | HP: 3/78 [gnoll sergeant/+0 trident (2)]
  4773 | D:6      | HP: 1/78 [gnoll/+0 club[a gnoll sergeant] (3)]
  5184 | D:6      | Found a sacrificial altar of Ru.
  5594 | D:6      | Reached skill level 1 in Stealth
  5594 | D:6      | Reached XP level 9. HP: 45/56 MP: 9/9
  5909 | D:6      | Reached skill level 7 in Armour
  6543 | D:7      | Reached **** piety under Trog
  7110 | D:7      | Found a blossoming altar of Fedhas.
  7248 | D:8      | Reached skill level 8 in Armour
  7515 | D:8      | Reached XP level 10. HP: 35/63 MP: 10/10
  7578 | D:8      | Reached skill level 9 in Armour
  7749 | D:8      | Found a staircase to the Lair.
  8052 | D:8      | Found a snail-covered altar of Cheibriados.
  8052 | D:8      | Noticed Erica
  8108 | D:8      | Killed Erica
  8118 | D:8      | Found a stormy altar of Qazlal.
  8121 | D:8      | Found a white marble altar of Elyvilon.
  8124 | D:8      | Found a broken altar of Ashenzari.
  8351 | D:8      | Found a hide-covered altar of Uskayaw.
  8909 | Lair:1   | Entered Level 1 of the Lair of Beasts
  8909 | Lair:1   | Noticed an elephant
  8909 | Lair:1   | Noticed an elephant
  8932 | Lair:1   | Killed an elephant
  8933 | Lair:1   | Reached skill level 10 in Armour
  8937 | Lair:1   | Noticed an elephant
  8938 | Lair:1   | Noticed an elephant
  8938 | Lair:1   | Noticed an elephant
  8979 | Lair:2   | Killed an elephant
  9143 | Lair:1   | Killed an elephant
  9144 | Lair:1   | Reached XP level 11. HP: 71/71 MP: 11/11
  9322 | Lair:1   | Reached skill level 10 in Axes
  9462 | Lair:1   | Reached skill level 11 in Armour
 10830 | Lair:1   | Noticed a four-headed hydra
 10841 | Lair:1   | Killed a one-headed hydra
 10872 | Lair:1   | Reached skill level 1 in Throwing
 11018 | Lair:2   | Noticed an eight-headed hydra
 11030 | Lair:2   | Killed a one-headed hydra
 11031 | Lair:2   | Reached skill level 10 in Fighting
 11031 | Lair:2   | Reached skill level 1 in Long Blades
 11196 | Lair:2   | Noticed a four-headed hydra
 11205 | Lair:2   | Killed a one-headed hydra
 11206 | Lair:2   | Reached skill level 12 in Armour
 11206 | Lair:2   | Reached XP level 12. HP: 67/77 MP: 12/12
 11703 | Lair:2   | Found a hole to the Spider Nest.
 12421 | Lair:3   | Found a staircase to the Swamp.
 13693 | Lair:4   | Noticed a six-headed hydra
 13694 | Lair:4   | Upgraded the game from 0.32-a0-516-g94ed278cf8 to
                  | 0.32-a0-534-ga61f84b8bd
 13704 | Lair:4   | Killed a one-headed hydra
 14022 | Lair:4   | Noticed an eight-headed hydra
 14038 | Lair:4   | Killed a two-headed hydra
 14240 | Lair:4   | Found a runed translucent door.
 14241 | Lair:4   | Found a shimmering altar of Xom.
 14241 | Lair:4   | Noticed Oria's ghost (journeyman GnSh)
 14242 | Lair:4   | Identified the +8 great sword "Vawnaugi" {chaos, rCorr
                  | Stlth+}
 14267 | Lair:4   | Reached XP level 13. HP: 61/84 MP: 13/13
 15023 | Lair:4   | Identified the +2 robe of Responsibility {Rampage +Inv}
 15172 | Lair:5   | Entered Level 5 of the Lair of Beasts
 15201 | Lair:5   | Found a viscous altar of Jiyva.
 15393 | Lair:5   | Reached skill level 13 in Armour
 15984 | Lair:5   | Reached skill level 5 in Long Blades
 16030 | Lair:5   | Reached skill level 5 in Dodging
 16063 | Lair:5   | HP: 4/86 [spriggan rider/+0 spear (12)]
 16063 | Lair:5   | Noticed Rupert
 16064 | Lair:5   | Slain by a spriggan rider

Illustrated notes

Levels and vault maps discovered:
D:1:      roderic_octagonal_star, layout_loops_corners, minmay_tall_x
D:2:      layout_basic, serial_shops, shop, minmay_misc_feat_square
D:3:      layout_basic, gammafunk_ghost_smash, hangedman_feature_mirror
D:4:      layout_loops_corners, mainiacjoe_overflow_catwalk,
          grunt_gozag_breadcrumbs, kennysheep_small_circle
D:5:      layout_rooms, grunt_temple_overflow_magic_moments,
          grunt_dithmenos_shadows, serial_shops, shop_fountains,
          nrook_mini_backslash
D:6:      layout_basic, kennysheep_mini, minmay_temple_entry_wispy
D:7:      layout_loops_ring, fedhas_altar_4
D:8:      minmay_weird_star, layout_layer_cave, kennysheep_little_box,
          grunt_temple_overflow_cloverleaf, minmay_lair_entry_grove, uniq_erica
Lair:1:   layout_gridlike, nzn_random_ring
Lair:2:   layout_cave_pods, spider_nest_entry_web_field, grunt_megastairs_5
Lair:3:   minmay_lair_venomous_thicket, layout_cave_pods, swamp_mist
Lair:4:   layout_hall_layers, ebering_ghost_xom, serial_bayou_pond_c,
          minivault_27
Lair:5:   minmay_lair_end_enchanted_forest, layout_regular_city,
          nicolae_slime_entry_field_trip, minivault_26, uniq_rupert

Skill      XL: |  1  2  3  4  5  6  7  8  9 10 11 12 13 |
---------------+----------------------------------------+-----
Axes           | 3 4 5 6 7 8 9 11 12 | 12.9
Fighting       | 4 5 6 7 9 10 11 12 | 12.1
Armour         | 3 4 5 6 8 10 12 13 | 13.1
Dodging        | 2 3 4 5 |  5.0
Stealth        | 1 3 |  3.5
Throwing       | 1 |  1.6
Long Blades    | 1 3 5 |  5.9
Evocations     | |  0.4

Action                     |  1- 3 |  4- 6 |  7- 9 | 10-12 | 13-15 || total
---------------------------+-------+-------+-------+-------+-------++-------
  Melee: Hand axe          |   112 |   130 |   507 |   415 |    66 ||  1230
         War axe           |       |       |       |   373 |       ||   373
         Scimitar          |       |       |       |    33 |     6 ||    39
         Great sword       |       |       |       |       |   175 ||   175
  Throw: Dart              |       |     2 |       |     7 |     4 ||    13
 Invoke: Berserk           |       |     3 |     7 |    17 |     6 ||    33
         Trog's Hand       |       |     1 |     3 |     9 |     9 ||    22
         Brothers in Arms  |       |       |       |       |     3 ||     3
  Evoke: Wand              |       |       |       |     4 |       ||     4
    Use: Scroll            |     4 |     2 |     5 |     7 |     7 ||    25
         Potion            |       |       |       |    12 |     1 ||    13
   Stab: Paralysed         |       |       |       |     8 |       ||     8
         Held in net/web   |       |       |       |     1 |       ||     1
 Armour: Leather armour    |    44 |       |       |       |       ||    44
         Animal skin       |     2 |       |       |       |       ||     2
         Chain mail        |    34 |   105 |   495 |   816 |   351 ||  1801
  Dodge: Dodged            |    73 |    32 |   275 |   582 |   286 ||  1248
         Repelled          |       |     2 |       |     4 |       ||     6

Table legend: (Time is in decaauts)
 A = Elapsed time spent in this place.
 B = Non-inter-level travel time spent in this place.
 C = Inter-level travel time spent in this place.
 D = Time resting spent in this place.
 E = Time spent auto-exploring this place.
 F = Levels seen in this place.
 G = Mean time per level.
                   A        B        C        D        E       F      G
               +--------+--------+--------+--------+--------+-----+--------+
         Total |  16292 |  15927 |    365 |   2161 |   9901 |  13 | 1253.2 |
       Dungeon |   8989 |   8717 |    272 |    882 |   5863 |   8 | 1123.6 |
          Lair |   7303 |   7211 |     92 |   1279 |   4037 |   5 | 1460.6 |
               +--------+--------+--------+--------+--------+-----+--------+

Top non-repeatable levels by time:
  Lair:1: 1955 daAuts
     D:8: 1751 daAuts
  Lair:2: 1597 daAuts
  Lair:4: 1525 daAuts
     D:6: 1472 daAuts
  Lair:3: 1248 daAuts
     D:4: 1192 daAuts
     D:3: 1067 daAuts
     D:7: 1047 daAuts
     D:1: 1033 daAuts
  Lair:5: 976 daAuts
     D:5: 785 daAuts
     D:2: 639 daAuts
